AoeStats
← ale90

Arabia

509799815Analyzed
4v4 RM · 3d ago on Sep 28, 2026· 54m 50s· 8 players
Game mode
Random Map
Map size
Large (8 player)
Population
200
Speed
Normal
Resources
Standard
Victory
Conquest
Starting age
Dark Age
Ending age
Imperial Age
RankedLock teamsTeams togetherTeam positionsShared explorationLock speedFull tech treeHidden civsTurbo modeCheats
Victory
Defeat
🇲🇽 Spanish · Mexico
960
+8
🇲🇽 Britons · Mexico
842
+12
🇦🇷 Gurjaras · Argentina
686
+18
🇦🇷 Khmer · Argentina
654
+18
🇦🇷 Spanish · Argentina
820
-17
🇯🇵 Magyars · Japan
795
-16
🇨🇳 Byzantines · China
745
-14
🇺🇸 Teutons · United States
602
-9
guitarflyingmatt
8:44 Loom
8:51 Loom
11:46 Feudal Age
12:18 Double-Bit Axe
12:16 Horse Collar
12:30 Gold Mining
21:53 Wheelbarrow
27:02 Fletching
29:24 Scale Mail Armor
28:56 Man-at-Arms
30:05 Arson
33:54 Castle Age
35:17 Hand Cart
36:01 Heavy Plow
37:15 Squires
37:30 Pikeman
38:08 Bodkin Arrow
38:31 Forging
39:08 Stone Mining
40:34 Stone Shaft Mining
41:27 Bow Saw
46:42 Iron Casting
46:23 Chain Mail Armor
45:33 Long Swordsman
48:36 Fervor
48:48 Sanctity
49:09 Ballistics
49:00 Fortified Wall
50:09 Caravan
54:45 Imperial Age
BOANERGES
3:12 Loom
11:19 Feudal Age
17:53 Castle Age
16:02 Double-Bit Axe
16:45 Gold Mining
16:39 Horse Collar
17:38 Stone Mining
30:13 Imperial Age
28:51 Ballistics
28:28 Murder Holes
29:31 Fletching
30:24 Bodkin Arrow
31:56 Chemistry
32:36 Elite Conquistador
35:37 Bracer
37:51 Conscription
52:49 Onager
RuinMireia
7:50 Loom
13:29 Feudal Age
17:41 Castle Age
16:56 Double-Bit Axe
20:08 Bow Saw
24:40 Scale Mail Armor
24:49 Scale Barding Armor
26:04 Horse Collar
29:16 Chain Barding Armor
30:19 Heavy Plow
35:36 Imperial Age
34:11 Wheelbarrow
33:53 Fletching
34:06 Padded Archer Armor
34:14 Corvinian Army
34:35 Gold Mining
34:58 Bodkin Arrow
35:35 Leather Archer Armor
34:45 Elite Skirmisher
35:31 Thumb Ring
36:25 Bracer
39:12 Chemistry
38:48 Ballistics
40:05 Ring Archer Armor
39:59 Conscription
43:29 Two-Man Saw
43:25 Hand Cart
43:58 Plate Barding Armor
42:47 Elite Magyar Huszar
WINGER
0:33 Loom
11:13 Feudal Age
16:52 Castle Age
17:14 Stone Mining
17:48 Double-Bit Axe
20:59 Stone Shaft Mining
23:34 Gold Mining
25:32 Gold Shaft Mining
25:19 Horse Collar
26:05 Crossbowman
29:04 Fletching
31:11 Thumb Ring
34:23 Imperial Age
33:00 Bodkin Arrow
33:34 Bow Saw
34:02 Padded Archer Armor
34:16 Pikeman
34:58 Squires
35:08 Bracer
35:23 Leather Archer Armor
36:52 Wheelbarrow
37:08 Heavy Plow
36:43 Capped Ram
38:55 Chemistry
39:05 Crop Rotation
38:47 Halberdier
40:01 Conscription
40:06 Arbalester
41:25 Forging
41:16 Scale Mail Armor
43:12 Ballistics
43:57 Two-Man Saw
43:16 Logistica
43:59 Hand Cart
45:19 Iron Casting
44:59 Chain Mail Armor
45:00 Leather Archer Armor
45:17 Arson
46:08 Elite Cataphract
47:26 Hoardings
48:55 Coinage
48:35 Guilds
48:38 Light Cavalry
49:19 Husbandry
50:40 Banking
51:12 Ring Archer Armor
51:13 Plate Mail Armor
50:48 Scale Barding Armor
51:02 Caravan
51:11 Hussar
52:31 Elite Skirmisher
53:47 Treadmill Crane
54:19 Fortified Wall
Mogador
10:35 Feudal Age
9:46 Loom
13:39 Horse Collar
16:37 Forging
17:39 Bloodlines
23:34 Castle Age
22:20 Padded Archer Armor
22:11 Fletching
23:01 Double-Bit Axe
25:01 Wheelbarrow
25:03 Bow Saw
26:14 Heavy Plow
27:20 Pikeman
28:00 Squires
31:47 Bodkin Arrow
32:41 Thumb Ring
32:10 Elite Skirmisher
34:37 Leather Archer Armor
36:17 Ballistics
36:45 Gold Mining
37:07 Stone Mining
38:34 Hand Cart
38:07 Town Watch
39:33 Scale Barding Armor
39:48 Husbandry
42:15 Chain Barding Armor
42:52 Light Cavalry
44:40 Iron Casting
49:05 Imperial Age
49:51 Bracer
51:56 Plate Barding Armor
51:38 Hussar
52:49 Cavalier
54:29 Conscription
56:21 Blast Furnace
leon_skennedy96
0:28 Loom
18:11 Feudal Age
22:45 Castle Age
20:50 Horse Collar
22:35 Double-Bit Axe
25:00 Pikeman
29:13 Heavy Plow
30:01 Fletching
32:45 Gold Mining
32:45 Stone Mining
33:08 Forging
32:59 Scale Mail Armor
38:34 Imperial Age
36:41 Wheelbarrow
36:55 Wheelbarrow
36:54 Yeomen
36:34 Bodkin Arrow
38:06 Caravan
38:48 Padded Archer Armor
40:01 Town Watch
40:30 Masonry
40:26 Siege Engineers
41:05 Hand Cart
41:49 Leather Archer Armor
43:26 Gambesons
43:42 Squires
45:31 Chemistry
44:12 Treadmill Crane
46:52 Halberdier
47:47 Bracer
48:19 Ring Archer Armor
49:31 Bracer
51:23 Iron Casting
51:40 Conscription
53:45 Chain Mail Armor
56:25 Blast Furnace
forrajeria.kevin
3:12 Loom
11:51 Feudal Age
19:41 Padded Archer Armor
19:31 Fletching
19:53 Horse Collar
20:00 Double-Bit Axe
24:44 Castle Age
27:03 Bodkin Arrow
26:34 Crossbowman
26:35 Elite Skirmisher
28:29 Leather Archer Armor
28:57 Wheelbarrow
28:41 Stone Mining
33:44 Heavy Plow
35:43 Bow Saw
36:43 Pikeman
39:23 Hand Cart
44:41 Imperial Age
43:24 Caravan
45:13 Forging
45:04 Scale Mail Armor
45:09 Scale Barding Armor
45:36 Gold Mining
46:21 Stone Shaft Mining
47:55 Elite Ballista Elephant
48:56 Conscription
49:24 Iron Casting
51:55 Bracer
ale90
5:00 Loom
11:22 Feudal Age
12:17 Man-at-Arms
13:55 Town Watch
15:08 Arson
16:45 Scale Mail Armor
22:22 Forging
23:01 Double-Bit Axe
27:46 Wheelbarrow
28:08 Gold Mining
28:11 Stone Mining
31:57 Horse Collar
35:36 Fletching
46:48 Castle Age
Connection lost

Rejoining the realm…

Still unreachable

The connection could not be restored.

Session expired

The server has moved on; the page needs a fresh start.